 Dungeon Crawl Stone Soup version 0.30.0-17-ge0270778cf (webtiles) character file.

Game seed: 8449368753071262838

77 sampeng1 the Chiller (level 4, -11/35 HPs)
             Began as a Human Ice Elementalist on May 21, 2023.
             Mangled by an ogre
             ... wielding a +0 giant spiked club
              (20 damage)
             ... on level 4 of the Dungeon.
             The game lasted 00:15:53 (10764 turns).

sampeng1 the Chiller (Human Ice Elementalist)      Turns: 10764, Time: 00:15:53

Health: -11/35     AC:  3    Str:  5 (8)  XL:     4   Next: 60%
Magic:  1/7        EV: 12    Int: 16 (17) God:
Gold:   118        SH:  0    Dex: 11 (14) Spells: 2/7 levels left

rFire   . . .        l - +1 short sword
rCold   . . .        (no shield)
rNeg    . . .        a - +0 robe
rPois   .            (helmet restricted)
rElec   .            (no cloak)
rCorr   +            (no gloves)
SInv    .            i - +0 pair of boots
Will    .....        (no amulet)
Stlth   ++           c - ring of resist corrosion
HPRegen 0.25/turn    d - ring of resist corrosion
MPRegen 0.10/turn

%: no passive effects
@: freezing walls
A: horns 1, robust 1
a: no special abilities


You were on level 4 of the Dungeon.
You visited 1 branch of the dungeon, and saw 4 of its levels.

You collected 118 gold pieces.

Inventory:

Hand Weapons
 l - a +1 short sword (weapon)
Missiles
 e - 6 curare-tipped darts
 f - 25 stones (quivered)
 k - 5 poisoned darts
Armour
 a - a +0 robe (worn)
 i - a +0 pair of boots (worn)
 q - a +0 kite shield
Jewellery
 c - a ring of resist corrosion (left hand)
 d - a ring of resist corrosion (right hand)
 o - a ring of flight
Scrolls
 t - a scroll of enchant weapon
Potions
 b - a potion of magic
 g - 3 potions of curing
 n - a potion of attraction
 r - a potion of degeneration


   Skills:
 + Level 1.0 Fighting
 + Level 0.8 Short Blades
 + Level 2.7 Dodging
 + Level 2.6 Stealth
 + Level 2.4 Spellcasting
 + Level 4.4 Ice Magic


You had 2 spell levels left.
You knew the following spells:

 Your Spells              Type           Power      Damage    Failure   Level
a - Freeze                Ice            64%        1d7       3%          1
b - Frozen Ramparts       Ice            32%        1d5       10%         3
c - Summon Small Mammal   Summ           4%         N/A       21%         1

Your spell library contained the following spells:

 Spells                   Type           Power      Damage    Failure   Level
 Apportation              Tloc           2%         N/A       21%         1
 Necrotise                Necr           4%         1d4       21%         1
 Blink                    Tloc           2%         N/A       30%         2
 Lesser Beckoning         Tloc           2%         N/A       30%         2
 Momentum Strike          Conj/Tloc      2%         3d8       30%         2
 Ozocubu's Armour         Ice            16%        N/A       10%         3
 Gell's Gravitas          Tloc           1%         N/A       52%         3
 Stone Arrow              Conj/Erth      2%         3d7       52%         3
 Teleport Other           Tloc           1%         N/A       52%         3
 Summon Ice Beast         Ice/Summ       8%         N/A       63%         4
 Animate Armour           Summ/Erth      2%         N/A       89%         4
 Iskenderun's Battlesphe  Conj           1%         2d6       99%         5
 Dispersal                Tloc           0%         N/A       100%        6
 Iron Shot                Conj/Erth      0%         9d1       100%        6
 Spellforged Servitor     Conj/Summ      0%         N/A       100%        7
 Lehudib's Crystal Spear  Conj/Erth      0%         10d2      100%        8


Dungeon Overview and Level Annotations

Branches:
Dungeon (4/15)
 Temple: D:4-7

Altars:
The Shining One


Innate Abilities, Weirdness & Mutations

You have a pair of small horns on your head.
You are robust. (+10% HP)


Message History

The ogre is heavily wounded.
The wall freezes the hound but does no damage.
The hound bites you.
Your frozen ramparts will break if you move.
Continue? [Y]es or [N]o only, please.
Your frozen ramparts will break if you move.
Continue? [Y]es or [N]o only, please.
Your frozen ramparts will break if you move.
Continue?
Okay, then.
You closely miss the hound.
The hound is moderately wounded.
The wall freezes the hound but does no damage.
The hound pauses to sniff the ground.
The hound bites you.
* * * LOW HITPOINT WARNING * * *
The wall freezes the ogre.
The ogre hits you with a +0 giant spiked club.
* * * LOW HITPOINT WARNING * * *
Your magical contamination has completely faded away.
Casting: Frozen Ramparts (quite dangerous; 10% risk of failure)
Confirm with . or Enter, or press ? or * to list all spells.
Aiming: Freeze (safe; 3% risk of failure)
Press: ? - help, Shift-Dir - straight line, f - hound
Aim: a hound (moderately wounded)
You freeze the hound.
The hound is heavily wounded.
The wall freezes the hound but does no damage.
The hound barely misses you.
The wall freezes the hound.
The hound closely misses you.
Casting: Freeze (safe; 3% risk of failure)
Confirm with . or Enter, or press ? or * to list all spells.
Aiming: Freeze (safe; 3% risk of failure)
Press: ? - help, Shift-Dir - straight line, f/p - hound
Aim: a hound (severely wounded)
You freeze the hound.
The hound is almost dead.
The wall freezes the ogre.
The ogre hits you with a +0 giant spiked club!!
Ouch! That really hurt!
You die...

#... ...#
####..$ ...#
.......####...#
#..........#
#.#........##
#...........#
####...#...#.#
.......hO..##
.....#.#@#....#
.....#.#.#
.....
.....###.# #.#.
..... #.# # #..
..# ###


You could see an ogre and a hound.

Vanquished Creatures
  An adder (D:2)
  A dart slug (D:2)
  9 ball pythons
  7 endoplasms
  A giant cockroach (D:1)
  3 goblins
  6 hobgoblins
  4 jackals (D:2)
  4 quokkas
  4 bats
  11 frilled lizards
  5 kobolds
  7 rats
63 creatures vanquished.

Vanquished Creatures (collateral kills)
  A ball python (D:3)
1 creature vanquished.

Grand Total: 64 creatures vanquished

Notes
Turn   | Place    | Note
-------+----------+-------------------------------------------
     0 | D:1      | sampeng1 the Human Ice Elementalist began the quest for the
                  | Orb.
     0 | D:1      | Reached XP level 1. HP: 13/13 MP: 3/3
   122 | D:1      | Reached XP level 2. HP: 12/19 MP: 0/5
   412 | D:1      | Reached XP level 3. HP: 20/24 MP: 6/6
   803 | D:1      | Learned a level 3 spell: Frozen Ramparts
  1148 | D:2      | Reached XP level 4. HP: 31/31 MP: 1/7
  2019 | D:3      | Found a glowing golden altar of the Shining One.
  2073 | D:3      | Learned a level 1 spell: Summon Small Mammal
  2156 | D:3      | Reached skill level 1 in Fighting
  2355 | D:3      | Gained mutation: You have a pair of small horns on your
                  | head. [potion of mutation]
  2355 | D:3      | Gained mutation: You are robust. (+10% HP) [potion of
                  | mutation]
 10752 | D:4      | Noticed an ogre
 10764 | D:4      | Mangled by an ogre

Illustrated notes

Levels and vault maps discovered:
D:1:      heliophobic_arrival_enchanted_forest, layout_loops_ring,
          minmay_misc_feat_tiny, minmay_lizard_pond
D:2:      layout_loops_ring
D:3:      layout_rooms, nicolae_tso_swordbearing_angel
D:4:      layout_basic, guppyfry_early_orc_mine

Skill      XL: |  1  2  3  4 |
---------------+-------------+-----
Fighting       | 1 |  1.0
Short Blades   | |  0.8
Dodging        | |  2.7
Stealth        | |  2.6
Spellcasting   | |  2.4
Ice Magic      | |  4.4

Action                     |  1- 3 |  4- 6 || total
---------------------------+-------+-------++-------
  Melee: Unarmed           |    16 |       ||    16
         Dagger            |    74 |       ||    74
         Short sword       |     5 |    59 ||    64
         Punch             |       |     1 ||     1
  Throw: Dart              |     2 |       ||     2
         Stone             |       |     1 ||     1
   Cast: Freeze            |    24 |     7 ||    31
         Frozen Ramparts   |     1 |     3 ||     4
         Summon Small Mamm |       |     2 ||     2
    Use: Potion            |       |     6 ||     6
         Scroll            |       |     5 ||     5
   Stab: Sleeping          |     1 |     2 ||     3
 Armour: Robe              |    27 |    17 ||    44
  Dodge: Dodged            |    91 |    34 ||   125
